 Dungeon Crawl Stone Soup version 0.30-a0-210-g01b79a254e (webtiles) character file.

Game seed: 12985923356861628938

200 timneilson the Shield-Bearer (level 5, 0/33 HPs)
             Began as a Gargoyle Fighter on Oct 5, 2022.
             Killed by nerve-wracking pain
             ... invoked by an orc priest
              (3 damage)
             ... on level 3 of the Dungeon.
             The game lasted 00:04:18 (2396 turns).

timneilson the Shield-Bearer (Gargoyle Fighter)     Turns: 2396, Time: 00:04:19

Health: 0/33       AC: 14    Str: 22    XL:     5   Next: 79%
Magic:  5/5        EV:  7    Int:  8    God:
Gold:   140        SH:  4    Dex:  9    Spells: 4/4 levels left

rFire   . . .      SeeInvis .    a - +1 long sword
rCold   . . .      Faith    .    c - +0 buckler
rNeg    + . .      Spirit   .    l - +0 chain mail
rPois   ∞          Reflect  .    (no helmet)
rElec   +          Harm     .    (no cloak)
rCorr   .          Rampage  .    h - +0 pair of gloves
Will    .....                    (no boots)
Stlth   ..........               (no amulet)
HPRegen 0.25/turn                (no ring)
MPRegen 0.09/turn                (no ring)

@: no status effects
A: sickness immunity, AC +4, negative energy resistance 1, electricity
resistance, torment resistance 1, petrification resistance
a: no special abilities


You were on level 3 of the Dungeon.
You visited 1 branch of the dungeon, and saw 4 of its levels.

You collected 140 gold pieces.

Inventory:

Hand Weapons
 a - a +1 long sword (weapon)
Armour
 c - a +0 buckler (worn)
 h - a +0 pair of gloves (worn)
 l - a +0 chain mail (worn)
Wands
 n - a wand of mindburst (14)
Scrolls
 b - a scroll of identify
 e - 2 scrolls of blinking
 m - 2 scrolls of summoning
Potions
 d - 2 potions of might
 f - a potion of brilliance
 g - a potion of curing
 i - 2 potions of flight


   Skills:
 + Level 3.8 Fighting
 * Level 2.9 Long Blades
 * Level 4.3 Armour
 + Level 1.1 Dodging
 * Level 4.4 Shields
 + Level 1.2 Evocations


You had 4 spell levels left.
You didn't know any spells.
Your spell library contained the following spells:

 Spells                   Type           Power      Damage    Failure   Level
 Magic Dart               Conj           0%         1d3       99%         1
 Sandblast                Erth           0%         2d4       99%         1
 Blink                    Tloc           0%         N/A       100%        2
 Momentum Strike          Conj/Tloc      0%         3d8       100%        2
 Passwall                 Tmut/Erth      0%         N/A       100%        2
 Searing Ray              Conj           0%         2d4       100%        2
 Lesser Beckoning         Tloc           0%         N/A       100%        3
 Stone Arrow              Conj/Erth      0%         3d7       100%        3
 Fulminant Prism          Conj/Hex       0%         3d6       100%        4


Dungeon Overview and Level Annotations

Branches:
Dungeon (4/15)
 Temple: D:4-7

Altars:
Hepliaklqana


Innate Abilities, Weirdness & Mutations

You are immune to sickness and miasma.
Your stone body is resilient. (AC +4)
You are immune to poison.
You resist negative energy. (rN+)
You are resistant to electric shocks. (rElec)
You are resistant to unholy torment.
You are immune to petrification.


Message History

Pain shoots through your body!
You see here a +0 dagger.
There is a stone staircase leading up here.
You block the orc's attack.
The orc priest looks encouraged for a moment.
You climb upwards.
There is a stone staircase leading down, spattered with blood here.
Items here: ( )) [ ÷÷÷.
You barely miss the orc priest. You block the orc priest's attack.
The orc hits you with a +0 war axe.
The orc priest invokes the aid of Beogh against you.
Pain shoots through your body! The orc hits you but does no damage.
You slash the orc priest!
The orc priest is severely wounded.
The orc priest looks braver for a moment.
You block the orc's attack.
You barely miss the orc priest.
The orc priest is severely wounded.
The orc priest hits you with a +0 flail.
* * * LOW HITPOINT WARNING * * *
You block the orc's attack.
You closely miss the orc priest.
The orc priest is severely wounded.
You block the orc priest's attack. The orc hits you with a +0 war axe.
* * * LOW HITPOINT WARNING * * *
The orc priest hits you but does no damage.
The orc hits you with a +0 war axe.
* * * LOW HITPOINT WARNING * * *
You hit the orc priest.
The orc priest is severely wounded.
The orc priest completely misses you. The orc barely misses you.
Unknown command.
You hit the orc priest but do no damage.
The orc priest is severely wounded.
You block the orc priest's attack. The orc barely misses you.
You hit the orc priest.
The orc priest is almost dead.
The orc priest calls down the wrath of Beogh upon you.
Pain shoots through your body!
You die...

#.#.###....>..#.#
#.#.##........#.#
#.#.##........#.#
#######
#.#.##........#.#
#......
#.#.............#
#.####.
#.#####.......###
#.####. #.#
###....#####
#...... #.#
#o##.###.####..###.
#.#
#[@o...........# #.
#.#
####.#........####.
#.#
#.##...#........
#.#
#.###.##.######.
#.# #.# #.##.# ##.
#.# #.# #.##.# #..
#.# #.# #.##.#
###.. #.# #.#
#.##.# #.... #.#
#.# #.##.###....


You could see an orc priest and an orc.

Vanquished Creatures
  A howler monkey (D:3)
  2 jellies (D:3)
  An iguana (D:3)
  3 adders
  An ufetubus (D:3)
  A dart slug (D:4)
  3 orcs
  2 endoplasms (D:3)
  3 giant cockroaches
  6 goblins
  A hobgoblin (D:3)
  3 quokkas
  4 ball pythons
  3 bats
  2 frilled lizards (D:2)
  4 kobolds (D:3)
  3 rats
43 creatures vanquished.

Vanquished Creatures (others)
  A plant (D:2)
1 creature vanquished.

Grand Total: 44 creatures vanquished

Notes
Turn   | Place    | Note
-------+----------+-------------------------------------------
     0 | D:1      | timneilson the Gargoyle Fighter began the quest for the
                  | Orb.
     0 | D:1      | Reached XP level 1. HP: 14/14 MP: 1/1
    68 | D:1      | Found a faded altar of an unknown god.
   573 | D:1      | Reached XP level 2. HP: 18/19 MP: 2/2
  1398 | D:3      | Found a faded altar of an unknown god.
  1398 | D:3      | Found a hazy altar of Hepliaklqana.
  1432 | D:3      | Found a faded altar of an unknown god.
  1822 | D:3      | Reached XP level 3. HP: 23/23 MP: 3/3
  1991 | D:3      | Reached XP level 4. HP: 28/28 MP: 4/4
  2177 | D:3      | Reached XP level 5. HP: 29/33 MP: 5/5
  2201 | D:3      | Reached skill level 1 in Dodging
  2201 | D:3      | Reached skill level 1 in Evocations
  2372 | D:4      | Noticed a black bear
  2396 | D:3      | Killed from afar by an orc priest

Illustrated notes

Levels and vault maps discovered:
D:1:      scummos_arrival_simple_crosswalls, layout_loops_ring,
          chequers_ecumenical_altar_simple, roderic_roman_lattice,
          minmay_pentomino_s2
D:2:      cheibrodos_old_hovel, layout_basic
D:3:      layout_loops_ring, nicolae_hepliaklqana_ecumenical_no_more
D:4:      layout_cave_pools, amcnicky_mini_corridor_feature

Skill      XL: |  1  2  3  4  5 |
---------------+----------------+-----
Long Blades    | 2 |  2.9
Armour         | 4 |  4.3
Shields        | 4 |  4.4
Dodging        | 1 |  1.1
Evocations     | 1 |  1.2
Fighting       | |  3.8

Action                   |  1- 3 |  4- 6 || total
-------------------------+-------+-------++-------
Melee: Long sword        |   104 |    89 ||   193
  Use: Scroll            |    11 |       ||    11
       Potion            |     3 |       ||     3
Armor: Scale mail        |    21 |       ||    21
       Chain mail        |    34 |   101 ||   135
Dodge: Dodged            |    45 |    55 ||   100
Block: Buckler           |    25 |    35 ||    60

Table legend: (Time is in decaauts)
 A = Elapsed time spent in this place.
 B = Non-inter-level travel time spent in this place.
 C = Inter-level travel time spent in this place.
 D = Time resting spent in this place.
 E = Time spent auto-exploring this place.
 F = Levels seen in this place.
 G = Mean time per level.
                   A        B        C        D        E       F      G
               +--------+--------+--------+--------+--------+-----+--------+
         Total |   2472 |   2436 |     36 |    281 |   1658 |   4 |  618.0 |
       Dungeon |   2472 |   2436 |     36 |    281 |   1658 |   4 |  618.0 |
               +--------+--------+--------+--------+--------+-----+--------+

Top non-repeatable levels by time:
     D:3: 1092 daAuts
     D:1: 671 daAuts
     D:2: 640 daAuts
     D:4: 67 daAuts
